 Dungeon Crawl Stone Soup version 0.31-a0-564-g3b7de120b3 (webtiles) character file.

Game seed: 3996811577346374425

2 Newt the Ducker (level 1, 0/16 HPs)
             Began as a Demonspawn Gladiator on Aug 17, 2023.
             Slain by a kobold
             ... wielding a +0 short sword
              (1 damage)
             ... on level 1 of the Dungeon.
             The game lasted 00:00:10 (61 turns).

Newt the Ducker (Demonspawn Gladiator)                Turns: 61, Time: 00:00:11

Health: 0/16       AC:  4    Str: 13 (14) XL:     1   Next: 33%
Magic:  1/1        EV: 12    Int:  6 (9)  God:
Gold:   0          SH:  0    Dex: 13 (14) Spells: 0/0 levels left

rFire   . . .        a - +0 rapier
rCold   . . .        (no shield)
rNeg    . . .        b - +0 leather armour
rPois   .            c - +0 helmet
rElec   .            (no cloak)
rCorr   .            (no gloves)
SInv    .            (no boots)
Will    .....        (no amulet)
Stlth   +            (no ring)
HPRegen 0.22/turn    (no ring)
MPRegen 0.07/turn

%: no passive effects
@: no status effects
A: no striking features
a: no special abilities


You were on level 1 of the Dungeon.
You visited 1 branch of the dungeon, and saw 1 of its levels.

Inventory:

Hand Weapons
 a - a +0 rapier (weapon)
Missiles
 d - 3 throwing nets (quivered)
 e - a javelin
Armour
 b - a +0 leather armour (worn)
 c - a +0 helmet (worn)
Potions
 f - a potion of degeneration


   Skills:
 + Level 2.2 Fighting
 - Level 2.6 Short Blades
 - Level 1.7 Throwing
 - Level 2.6 Dodging


You couldn't memorise any spells.
You didn't know any spells.
Your spell library was empty.

Dungeon Overview and Level Annotations

Branches:
Dungeon (1/15)

Altars:


Message History

The dart slug bites you but does no damage.
You are too injured to fight recklessly!
You are too injured to fight recklessly!
You are too injured to fight recklessly!
You hit the kobold but do no damage.
The kobold is heavily wounded.
The kobold hits you but does no damage. The dart slug bites you.
You hit the kobold.
The kobold is severely wounded.
The kobold hits you with a +0 short sword.
* * * LOW HITPOINT WARNING * * *
The dart slug bites you but does no damage.
You closely miss the kobold.
The kobold is severely wounded.
The kobold hits you but does no damage. x2
The dart slug launches a dart at you. The slug dart misses you.
You hit the kobold but do no damage.
The kobold is severely wounded.
The kobold hits you but does no damage.
You hit the kobold but do no damage.
The kobold is severely wounded.
The dart slug bites you.
* * * LOW HITPOINT WARNING * * *
The kobold hits you but does no damage.
You hit the kobold but do no damage.
The kobold is severely wounded.
The dart slug closely misses you.
The kobold hits you with a +0 short sword.
* * * LOW HITPOINT WARNING * * *
It was a potion of degeneration.
There was something very wrong with that liquid.
You feel weakened.
You feel dopey.
You feel clumsy. The kobold barely misses you.
You hit the kobold but do no damage.
The kobold is heavily wounded.
The dart slug launches a dart at you. The slug dart misses you.
The kobold hits you with a +0 short sword.
You die...

########## ##
#........# ..
######.######.#.#####
#............@w......
#.####.#..###K#.#####
#. #.#..# #.#.# #.
#.#..# #.# .
#[####.#..# #.# ##
#.#..#.#..# #.#
#.#.####..# #.#
#.#.......# #.#
##.#.#####.#


You could see a dart slug and a kobold.

Vanquished Creatures
  2 jackals (D:1)
2 creatures vanquished.

Notes
Turn   | Place    | Note
-------+----------+-------------------------------------------
     0 | D:1      | Newt the Demonspawn Gladiator began the quest for the Orb.
     0 | D:1      | Reached XP level 1. HP: 16/16 MP: 1/1
    61 | D:1      | Slain by a kobold

Illustrated notes

Levels and vault maps discovered:
D:1:      amcnicky_arrival_single_pillar, layout_basic, minmay_statues_item,
          minivault_14, st_stairs_13, minmay_gold_behind_fungi, feat_on_display

Action                     || total
---------------------------++-------
  Melee: Rapier            ||    18
    Use: Potion            ||     1
 Armour: Leather armour    ||    11
  Dodge: Dodged            ||     9

Table legend: (Time is in decaauts)
 A = Elapsed time spent in this place.
 B = Non-inter-level travel time spent in this place.
 C = Inter-level travel time spent in this place.
 D = Time resting spent in this place.
 E = Time spent auto-exploring this place.
 F = Levels seen in this place.
 G = Mean time per level.
                   A        B        C        D        E       F      G
               +--------+--------+--------+--------+--------+-----+--------+
         Total |     62 |     62 |      0 |      0 |     36 |   1 |   62.0 |
       Dungeon |     62 |     62 |      0 |      0 |     36 |   1 |   62.0 |
               +--------+--------+--------+--------+--------+-----+--------+

Top non-repeatable levels by time:
     D:1: 62 daAuts
